 Dungeon Crawl Stone Soup version 0.31.0-12-g77e489cdc1 (webtiles) character file.

Game seed: 14075546232192538439

21914 octoduck the Slicer (level 13, 0/74 (78) HPs)
             Began as a Kobold Enchanter on Mar 5, 2024.
             Was the Champion of Ru.
             Slain by a death yak (21 damage)
             ... on level 2 of the Lair of Beasts on Mar 6, 2024.
             The game lasted 01:29:07 (23136 turns).

octoduck the Slicer (Kobold Enchanter)             Turns: 23136, Time: 01:29:07

HP:   0/74 (78)     AC:  9    Str:  6    XL:     13   Next: 23%
MP:   27/27         EV: 20    Int: 16    God:    Ru [******]
Gold: 412           SH:  0    Dex: 20    Spells: 2/18 levels left

rFire   x . .        k - +1 dagger (drain)
rCold   . . .        (no shield)
rNeg    . . .        i - +2 leather armour {rC+}
rPois   +            K - +0 helmet
rElec   .            E - +0 cloak
rCorr   .            (no gloves)
SInv    .            p - +1 pair of boots
Will    .....        o - amulet of faith
Stlth   ++++         e - ring of poison resistance
HPRegen 0.00/turn    h - ring of magical power
MPRegen 0.20/turn

%: faith
@: horrified, inhibited regen, drained
A: small, no large weapons, nightstalker 3, inhibited regeneration, cowardly,
unskilled 2, temperature sensitive, no forms
a: Renounce Religion, Draw Out Power, Power Leap, Apocalypse


You were on level 2 of the Lair of Beasts.
You worshipped Ru.
Ru was exalted by your worship.
You visited 3 branches of the dungeon, and saw 14 of its levels.

You collected 629 gold pieces.
You spent 217 gold pieces at shops.

Inventory:

Hand Weapons
 k - a +1 dagger of draining (weapon)
 J - a +0 antimagic short sword
 L - a +0 antimagic dagger
 R - a +1 trident of distortion
Missiles
 m - 11 atropa-tipped darts (quivered)
 I - 30 poisoned darts
 M - 2 curare-tipped darts
Armour
 f - a +0 robe of willpower
 i - a +2 leather armour of cold resistance (worn)
 p - a +1 pair of boots (worn)
 u - a +0 kite shield
 E - a +0 cloak (worn)
 H - +0 steam dragon scales
 K - a +0 helmet (worn)
Jewellery
 e - a ring of poison resistance (left hand)
 h - a ring of magical power (right hand)
 j - a ring of protection from fire
 o - an amulet of faith (around neck)
 P - a ring of fire
Wands
 g - a wand of mindburst (27)
 C - a wand of flame (8)
 D - a wand of roots (5)
 F - a wand of digging (6)
Scrolls
 l - 3 scrolls of revelation
 r - a scroll of torment {unknown}
 t - 2 scrolls of blinking
 v - 2 scrolls of poison
 w - a scroll of amnesia
 y - a scroll of noise {unknown}
 B - 2 scrolls of immolation
 G - 2 scrolls of enchant armour
 O - a scroll of teleportation
Potions
 a - 5 potions of haste
 b - 7 potions of curing
 c - 3 potions of invisibility
 d - 3 potions of mutation
 n - 2 potions of heal wounds {unknown}
 q - 3 potions of might
 s - a potion of magic {unknown}
 x - 2 potions of berserk rage
 z - 3 potions of resistance
 A - 2 potions of degeneration {unknown}
 Q - a potion of lignification {unknown}


   Skills:
 + Level 7.7 Fighting
 - Level 10.2 Short Blades
 + Level 9.6 Dodging
 - Level 3.9 Stealth
 - Level 3.4 Spellcasting
 + Level 4.9 Conjurations
 - Level 9.4 Hexes
 - Level 3.4 Translocations
 - Level 2.8 Ice Magic
 + Level 2.6 Alchemy


You had 2 spell levels left.
You knew the following spells:

 Your Spells              Type           Power      Damage    Failure   Level
a - Ensorcelled Hibernat  Hex/Ice        40%        N/A       3%          2
b - Confusing Touch       Hex            29%        N/A       1%          3
c - Tukima's Dance        Hex            29%        N/A       1%          3
d - Teleport Other        Tloc           12%        N/A       21%         3
e - Lesser Beckoning      Tloc           24%        N/A       11%         2
f - Dazzling Flash        Conj/Hex       46%        N/A       4%          3

Your spell library contained the following spells:

 Spells                   Type           Power      Damage    Failure   Level
 Magic Dart               Conj           64%        1d6       3%          1
 Searing Ray              Conj           32%        2d5       5%          2
 Kiss of Death            Conj/Necr      36%        2d8       11%         1
 Necrotise                Necr           8%         1d4       28%         1
 Scorch                   Fire           4%         2d5       38%         2
 Gell's Gravitas          Tloc           12%        N/A       21%         3
 Fulminant Prism          Conj/Alch      6%         3d7       50%         4
 Vampiric Draining        Necr           2%         2d6       63%         3
 Flame Wave               Conj/Fire      9%         2d6       71%         4
 Dispel Undead            Necr           2%         3d7       95%         4
 Martyr's Knell           Necr/Summ      2%         N/A       95%         4
 Curse of Agony           Necr           2%         N/A       100%        5
 Summon Cactus Giant      Summ           1%         N/A       100%        6


Dungeon Overview and Level Annotations

Branches:
Dungeon (10/15)            Temple (1/1) D:7            Lair (3/5) D:8
 Shoals (0/4) Lair:2          Orc (0/2) D:9
  Snake: Lair:2-3    Spider: Lair:2-3

Altars:
Ashenzari
Cheibriados
Dithmenos
Elyvilon
Fedhas
Gozag
Hepliaklqana
Kikubaaqudgha
Makhleb
Nemelex Xobeh
Okawaru
Qazlal
Ru
Sif Muna
Trog
Uskayaw
Vehumet
Wu Jian
Xom
Yredelemnul
Zin
The Shining One

Shops:
D:4 !   D:5 [

Annotations:
D:3 1 runed translucent door, Crazy Yiuf
D:4 Robin
D:6 exclusion: orc priest
D:8 Erica, Gastronok
D:9 Amaemon
Lair:2 exclusion: oklob plant
Lair:3 exclusions: catoblepas and death yak


Innate Abilities, Weirdness & Mutations

You are small and have problems with some larger weapons.
You are completely attuned to the shadows.
You do not regenerate when monsters are visible.
Your cowardice makes you less effective in combat with threatening foes.
You are unskilled. (-2 Apt)
You are sensitive to extremes of temperature. (rF-, rC-)
You cannot voluntarily change form.


Message History

You are restored by drawing out deep reserves of power within.
You feel drained. The death yak misses you.
You redirect the death yak's attack!
The death yak barely misses itself.
Casting: Dazzling Flash (dangerous; 4% risk of failure)
Confirm with . or Enter, or press ? or * to list all spells.
Okay, then.
You barely miss the death yak. The death yak closely misses you.
The death yak completely misses you.
You completely miss the death yak. You hit the death yak but do no damage.
The death yak barely misses you. The death yak misses you.
You hit the death yak but do no damage.
Your hands stop glowing.
You hit the death yak but do no damage. The death yak barely misses you.
The death yak completely misses you.
You barely miss the death yak. You hit the death yak but do no damage.
The death yak misses you. The death yak gores you!
You hit the death yak but do no damage. You hit the death yak but do no damage.
You drain the death yak.
The death yak is lightly wounded.
The death yak gores you! The death yak completely misses you.
You completely miss the death yak.
The death yak is lightly wounded.
You hit the death yak but do no damage.
The death yak is lightly wounded.
The death yak gores you.
* * * LOW HITPOINT WARNING * * *
The death yak barely misses you.
The death yak attacks as it pursues you!
The death yak gores you but does no damage.
Aiming: Fastroot
Press: ? - help, Shift-Dir - straight line
Okay, then.
You feel a twist of horror at the sight of this foe.
You feel less exhausted.
The death yak attacks as it pursues you!
The death yak gores you!!
You die...

#.....# #.........### #.....
#.....#####..........#####.....
##.......#.#...........##......
#.................##..........
#.................#####.#.....
###..............Y..# ###.....
#..........(.......## #..Y...
##...........>.Y.### ##.....
#.......#P.....@## #.....
#.......###.....# #.....
##......## #.....# #...##
#P......# ##...## ##.#..
###....## ##.## #.... #...P#
#...# ###♣. ##.### ##.### #..
### #..# ##.. ###.## #####Y##


You could see 2 death yaks.

Vanquished Creatures
  A centaur warrior (D:10)
  A boulder beetle (Lair:1)
  3 death yaks (Lair:2)
  A skyshark (Lair:2)
  Pikel (D:7)
  Maurice (D:7)
  A merfolk siren (Lair:2)
  5 cane toads
  Jeremiah (D:7)
  A rime drake (Lair:3)
  3 komodo dragons
  A kobold demonologist (D:10)
  3 merfolk (Lair:2)
  2 trolls
  4 polar bears
  Prince Ribbit (D:8)
  14 blink frogs
  14 yaks
  2 wyverns
  A warg (D:9)
  A basilisk (Lair:1)
  Edmund (D:6)
  A steam dragon (D:8)
  An acid dragon (D:8)
  4 water moccasins
  2 dancing weapons
  An ice beast (D:8)
  6 orc warriors
  3 black bears
  2 ogres
  8 wolves
  3 centaurs
  A phantom (D:6)
  3 kobold brigands
  16 bullfrogs
  2 gnoll sergeants
  4 scorpions
  10 wights
  23 killer bees
  An electric eel (Lair:1)
  2 howler monkeys
  6 orc priests
  A jelly (D:5)
  3 bombardier beetles
  2 hounds
  A gnoll bouda (D:6)
  2 iguanas (D:4)
  A sleepcap (D:6)
  11 orc wizards
  11 gnolls
  7 adders
  A shadow imp (D:7)
  A white imp (D:7)
  2 ufetubi (D:6)
  A dart slug (D:4)
  A ribbon worm (D:3)
  40 orcs
  6 ball pythons
  6 bats
  2 endoplasms (D:1)
  5 giant cockroaches
  10 goblins
  8 hobgoblins
  9 jackals
  2 quokkas (D:1)
  3 frilled lizards (D:1)
  20 kobolds
  8 rats
326 creatures vanquished.

Vanquished Creatures (collateral kills)
  An ogre (D:6)
  A kobold brigand (D:9)
  2 gnolls
  5 orcs
  3 kobolds
12 creatures vanquished.

Vanquished Creatures (others)
  10 dancing weapons
  A kobold brigand (D:9)
11 creatures vanquished.

Grand Total: 349 creatures vanquished

Notes
Turn   | Place    | Note
-------+----------+-------------------------------------------
     0 | D:1      | octoduck the Kobold Enchanter began the quest for the Orb.
     0 | D:1      | Reached XP level 1. HP: 10/10 MP: 3/3
   224 | D:1      | Reached XP level 2. HP: 15/15 MP: 5/5
   418 | D:1      | Learned a level 2 spell: Ensorcelled Hibernation
   436 | D:1      | Found a faded altar of an unknown god.
   666 | D:1      | Reached skill level 2 in Short Blades
  1030 | D:1      | Reached XP level 3. HP: 5/13 MP: 6/6
  2138 | D:2      | Found a sacrificial altar of Ru.
  2147 | D:2      | Became a worshipper of Ru the Awakened
  2275 | D:1      | Reached skill level 1 in Ice Magic
  2444 | D:2      | Reached XP level 4. HP: 8/20 MP: 2/7
  3200 | D:3      | Found a hide-covered altar of Uskayaw.
  3566 | D:3      | Found a runed translucent door.
  3569 | D:3      | Noticed Crazy Yiuf
  3592 | D:3      | Reached XP level 5. HP: 28/28 MP: 5/8
  3635 | D:3      | Gained mutation: You are somewhat unskilled. (-1 Apt) [Ru
                  | sacrifice]
  3635 | D:3      | Reached * piety under Ru
  4518 | D:4      | Noticed Robin
  4625 | D:4      | Found Kolos's Distillery.
  4630 | D:4      | Bought 2 potions of might for 112 gold pieces
  5349 | D:4      | Noticed an ogre
  5357 | D:4      | Killed an ogre
  5358 | D:4      | Reached skill level 3 in Short Blades
  5358 | D:4      | Reached XP level 6. HP: 32/32 MP: 6/9
  5764 | D:4      | Reached XP level 7. HP: 36/36 MP: 5/10
  5840 | D:5      | Entered Level 5 of the Dungeon
  5919 | D:5      | Reached skill level 4 in Short Blades
  5919 | D:5      | Reached skill level 5 in Hexes
  6243 | D:5      | Noticed a steam dragon
  6247 | D:5      | Found a shimmering blue altar of Sif Muna.
  6247 | D:5      | Found a bloodstained altar of Trog.
  6247 | D:5      | Found a shimmering altar of Xom.
  6548 | D:6      | Reached XP level 8. HP: 41/41 MP: 11/11
  6651 | D:5      | Learned a level 3 spell: Confusing Touch
  6655 | D:5      | Learned a level 3 spell: Tukima's Dance
  6870 | D:6      | Reached skill level 5 in Short Blades
  7394 | D:6      | Noticed Edmund
  7411 | D:6      | Killed Edmund
  7626 | D:6      | Gained mutation: You cannot voluntarily change form. [Ru
                  | sacrifice]
  7986 | D:6      | Reached skill level 6 in Short Blades
  8132 | D:6      | Reached XP level 9. HP: 45/45 MP: 12/12
  8371 | D:6      | Noticed a two-headed ogre
  8516 | D:7      | Reached skill level 5 in Dodging
  8519 | D:7      | Found a staircase to the Ecumenical Temple.
  8527 | Temple   | Entered the Ecumenical Temple
  8534 | D:7      | Learned a level 3 spell: Teleport Other
  8661 | D:7      | Reached skill level 1 in Fighting
  8665 | D:7      | Noticed Jeremiah
  8670 | D:7      | Killed Jeremiah
  8671 | D:7      | Reached skill level 1 in Translocations
  8718 | D:7      | Noticed Maurice
  8728 | D:7      | Killed Maurice
  8729 | D:7      | Reached skill level 7 in Short Blades
  8903 | D:7      | Noticed Pikel
  8932 | D:7      | Killed Pikel
  8933 | D:7      | Reached XP level 10. HP: 31/55 MP: 0/13
  9182 | D:7      | Learned a level 2 spell: Lesser Beckoning
  9709 | D:8      | Found a staircase to the Lair.
  9796 | D:8      | Reached skill level 8 in Short Blades
 10034 | D:8      | Noticed Prince Ribbit
 10042 | D:8      | Killed Prince Ribbit
 10825 | D:5      | Found Inadyd's Antique Armour Shop.
 10831 | D:5      | Bought a runed leather armour for 105 gold pieces
 12283 | D:8      | Gained mutation: You do not regenerate when monsters are
                  | visible. [Ru sacrifice]
 12283 | D:8      | Reached ** piety under Ru
 12329 | D:8      | Noticed Gastronok
 12688 | D:8      | Noticed Erica
 14216 | D:8      | Reached XP level 11. HP: 51/62 MP: 14/14
 14268 | D:8      | Reached skill level 9 in Short Blades
 14284 | D:9      | Reached skill level 5 in Fighting
 14573 | D:9      | Found a staircase to the Orcish Mines.
 15078 | D:9      | Noticed Amaemon
 15877 | D:9      | Gained mutation: You are sensitive to extremes of
                  | temperature. (rF-, rC-) [Ru sacrifice]
 15877 | D:9      | Reached *** piety under Ru
 15877 | D:9      | Reached **** piety under Ru
 16198 | D:9      | Learned a level 3 spell: Dazzling Flash
 16381 | D:10     | Entered Level 10 of the Dungeon
 16440 | D:10     | Noticed a centaur warrior
 16445 | D:10     | Killed a centaur warrior
 16596 | D:10     | Reached skill level 1 in Conjurations
 16978 | Lair:1   | Entered Level 1 of the Lair of Beasts
 17256 | Lair:1   | Noticed a boulder beetle
 17329 | Lair:1   | You fall into a shaft and drop 1 floor!
 17350 | Lair:2   | Noticed a catoblepas
 17420 | Lair:1   | Reached skill level 10 in Short Blades
 17608 | Lair:1   | Reached XP level 12. HP: 52/71 MP: 8/17
 17762 | Lair:1   | Killed a boulder beetle
 18559 | Lair:2   | Noticed a skyshark
 18581 | Lair:2   | Killed a skyshark
 18639 | Lair:2   | Gained mutation: Your cowardice makes you less effective in
                  | combat with threatening foes. [Ru sacrifice]
 18639 | Lair:2   | Reached ***** piety under Ru
 19050 | Lair:2   | Reached skill level 10 in Hexes
 20171 | Lair:2   | Noticed a death yak
 20199 | Lair:2   | Killed a death yak
 20200 | Lair:2   | Reached skill level 11 in Short Blades
 20241 | Lair:2   | Noticed a death yak
 20242 | Lair:2   | Noticed a death yak
 20484 | Lair:2   | HP: 2/72 [merfolk/+0 trident (15)]
 20909 | Lair:2   | Found a staircase to the Shoals.
 20949 | Lair:2   | Noticed a death yak
 20981 | Lair:3   | Noticed a catoblepas
 21017 | Lair:3   | Noticed a death yak
 21107 | Lair:3   | Gained mutation: You are unskilled. (-2 Apt) [Ru sacrifice]
 21107 | Lair:3   | Reduced skill Short Blades to level 10
 21107 | Lair:3   | Reached ****** piety under Ru
 21332 | Lair:3   | Noticed a death yak
 21334 | Lair:3   | Noticed a death yak
 21335 | Lair:3   | Noticed a death yak
 21339 | Lair:3   | Noticed a death yak
 21339 | Lair:3   | Noticed a death yak
 21340 | Lair:3   | Noticed a death yak
 21623 | Lair:3   | Reached skill level 1 in Alchemy
 21924 | Lair:3   | Reached XP level 13. HP: 57/76 MP: 18/18
 22976 | Lair:3   | Noticed a six-headed hydra
 23136 | Lair:2   | Slain by a death yak

Illustrated notes

Levels and vault maps discovered:
D:1:      dpeg_arrival_long_road, layout_loops_corners,
          hellmonk_ecumenical_altar_zigzags, minmay_pentomino_z2
D:2:      layout_rooms, basic_altar
D:3:      layout_basic, mainiacjoe_overflow_alcove_1, serial_rivers,
          chequers_serial_rivers_room_a, chequers_serial_rivers_micro_a,
          chequers_serial_rivers_micro_c, chequers_serial_rivers_small_b,
          chequers_serial_rivers_micro_b, saegor_snake_ambush,
          uniq_crazy_yiuf_cottage
D:4:      layout_basic, serial_shops, nicolae_shop_industrial_runoff,
          minmay_cupped, uniq_robin
D:5:      layout_cave_pools, gammafunk_temple_overflow_forgotten, serial_shops,
          nicolae_shop_waterfront
D:6:      layout_loops_ring, dreamdust_princess_corridor, uniq_edmund
D:7:      layout_basic, minmay_temple_entry_sparse_star, uniq_pikel,
          uniq_maurice, uniq_jeremiah
D:8:      layout_basic, lair_entry_dummy, uniq_erica, uniq_gastronok,
          uniq_prince_ribbit1
D:9:      layout_irregular_city, erik_orc_3, uniq_amaemon
D:10:     layout_roguey, st_stairs_7, grunt_decor_fettered
Temple:   hc_temple_tempest_star
Lair:1:   layout_cellular_growth, grunt_megastairs_4, serial_bayou_shore_a,
          infiniplex_staircase_pool_2
Lair:2:   layout_cave_pods, elwin_shoals_entry_stream, minmay_lair_oklob_items,
          grunt_megastairs_1
Lair:3:   layout_cave_pods, nicolae_spider_entry_non_spiders, st_stairs_3,
          disabler_island, grunt_megastairs_2

Skill      XL: |  1  2  3  4  5  6  7  8  9 10 11 12 13 |
---------------+----------------------------------------+-----
Short Blades   | 2 3 4 6 7 8 10 10 | 10.2
Ice Magic      | 1 2 3 2 |  2.8
Hexes          | 4 5 7 8 9 9 |  9.4
Dodging        | 3 4 6 7 8 9 |  9.6
Fighting       | 2 4 6 7 |  7.7
Translocations | 2 3 |  3.4
Spellcasting   | 3 |  3.4
Conjurations   | 2 4 |  4.9
Stealth        | 3 |  3.9
Alchemy        | 1 2 |  2.6

Action                     |  1- 3 |  4- 6 |  7- 9 | 10-12 | 13-15 || total
---------------------------+-------+-------+-------+-------+-------++-------
  Melee: Dagger            |   107 |    84 |   143 |   632 |   111 ||  1077
         Punch             |       |       |     3 |    10 |     1 ||    14
  Throw: Dart              |       |     3 |     2 |     3 |       ||     8
   Cast: Ensorcelled Hiber |    10 |    32 |    44 |   109 |    16 ||   211
         Confusing Touch   |       |       |    18 |    65 |     8 ||    91
         Tukima's Dance    |       |       |    11 |    68 |       ||    79
         Lesser Beckoning  |       |       |       |    18 |       ||    18
         Teleport Other    |       |       |       |     3 |       ||     3
         Dazzling Flash    |       |       |       |    13 |     2 ||    15
 Invoke: Sacrifice Skill   |       |     1 |       |     1 |       ||     2
         Sacrifice Forms   |       |       |     1 |       |       ||     1
         Sacrifice Purity  |       |       |       |     1 |       ||     1
         Sacrifice Resista |       |       |       |     1 |       ||     1
         Draw Out Power    |       |       |       |     1 |     2 ||     3
         Sacrifice Courage |       |       |       |     1 |       ||     1
  Evoke: Wand              |       |       |       |    11 |       ||    11
    Use: Scroll            |     5 |     4 |     2 |    12 |       ||    23
         Potion            |       |     2 |     1 |       |       ||     3
   Stab: Sleeping          |    18 |    32 |    30 |    81 |     6 ||   167
         Invisible         |       |     1 |       |     8 |     4 ||    13
         Confused          |       |       |    12 |    51 |     8 ||    71
         Distracted        |       |       |     1 |     4 |       ||     5
 Armour: Robe              |    11 |       |       |       |       ||    11
         Leather armour    |    30 |    31 |    64 |   136 |    37 ||   298
         Steam dragon scal |       |       |       |    92 |       ||    92
  Dodge: Dodged            |    50 |    70 |   112 |   543 |    54 ||   829
